[Event "Early-Titled-Tuesday-Blitz-September-12-2023"]
[Site "Chess.com"]
[Date "2023.09.12"]
[Round "5"]
[White "Manukyan_Artak"]
[Black "jraosam"]
[Result "0-1"]
[WhiteElo "2511"]
[BlackElo "2009"]
[TimeControl "180+1"]
[EndTime "8:55:20 PDT"]
[Termination "jraosam won by resignation"]

1. e4 c5 2. Nf3 d6 3. Bb5+ Nd7 4. O-O a6 5. Bd3 g6 6. a4 Bg7 7. c3 Ngf6 8. Bc2 e5 9. d4 exd4 10. cxd4 cxd4 11. Qxd4 Qc7 12. Nc3 O-O 13. Bf4 Ne8 14.
Qe3 Ne5 15. Bb3 Be6 16. Nd5 Bxd5 17. Bxd5 Nxf3+ 18. Qxf3 Bxb2 19. Rab1 Be5 20. Rxb7 Qc3 21. Qxc3 Bxc3 22. Rc1 Bd4 23. Bh6 Bg7 24. Bxg7 Kxg7 25. Rxf7+ Rxf7 26. Bxa8 Nc7 27. f3 Nxa8 28. Rc6 Nc7 29.
Rxd6 Kf8 30. Kf2 Ke7 31. Rb6 Kd7 32. Ke3 Re7 33. Kd4 Re6 34. Rb7 Kc6 35. Rb1 Rd6+ 36. Ke3 Ne6 37. h4 Nc5 38. a5 Rd3+ 39. Ke2 Rb3 40.
Ra1 Rb2+ 41. Kf1 Nb3 42. Ra4 Kb5 43. Ra3 Kb4 0-1

[Event "Early-Titled-Tuesday-Blitz-September-12-2023"]
[Site "Chess.com"]
[Date "2023.09.12"]
[Round "5"]
[White "Roman_Ovetchkin"]
[Black "GamayevOleg"]
[Result "1-0"]
[WhiteElo "2645"]
[BlackElo "2467"]
[TimeControl "180+1"]
[EndTime "8:55:21 PDT"]
[Termination "Roman_Ovetchkin won on time"]

1. d4 e6 2. e4 d5 3. e5 c5 4. c3 Nc6 5. Nf3 Bd7 6. Bd3 Rc8 7. a3 Nh6 8. b4 cxd4 9. cxd4 Nf5 10.
Bb2 Be7 11. O-O O-O 12. Nbd2 f6 13. exf6 Bxf6 14. Nb3 Re8 15. Re1 b6 16. Qd2 Qc7 17.
Rac1 Qd6 18. Ne5 Bxe5 19. dxe5 Qf8 20. Ba6 Rb8 21. Qd3 Re7 22. g3 Rf7 23. Re2 Be8 24. Rec2 Nh6 25. Nd4 Nxe5 26. Qe2 Nf3+ 27. Nxf3 Rxf3 28.
Qxe6+ Kh8 29. Qxh6 Rb3 30. Qg5 d4 31. Bxd4 Rf3 32. Rc7 Rf7 33. Rc8 Rxc8 34. Rxc8 Re7 35. Bd3 Kg8 36. Qd5+ Kh8 37. Kg2 h6 38. Qf5 Qxf5 39.
Bxf5 Kg8 40. Bg6 Kf8 41. Be3 Re6 42. Rxe8+ Rxe8 43. Bxe8 Kxe8 44. Kf3 1-0

[Event "Early-Titled-Tuesday-Blitz-September-12-2023"]
[Site "Chess.com"]
[Date "2023.09.12"]
[Round "5"]
[White "vladgoncharov"]
[Black "Nekoo04"]
[Result "1-0"]
[WhiteElo "2550"]
[BlackElo "2293"]
[TimeControl "180+1"]
[EndTime "8:55:21 PDT"]
[Termination "vladgoncharov won by checkmate"]

1. d4 d5 2. c4 e6 3. Nc3 Nf6 4. Bg5 Be7 5. e3 Nbd7 6. Rc1 c6 7. Nf3 O-O 8. Bd3 h6 9. Bh4 dxc4 10. Bxc4 b5 11. Bd3 a6 12. O-O Bb7 13. Bxf6 Nxf6 14.
Ne4 Qd5 15. Nxf6+ Bxf6 16. b3 Be7 17. Nd2 Rac8 18. Be4 Qd7 19. Qh5 c5 20. Bxb7 Qxb7 21. dxc5 Rfd8 22. Qf3 Qxf3 23. Nxf3 Bxc5 24. Rfd1 Ba3 25.
Rxc8 Rxc8 26. Kf1 Kf8 27. Ke2 Ke7 28. Ne5 Bd6 29. Nf3 Bb4 30. Nd4 e5 31. Nf5+ Kf6 32.
g4 Rc2+ 33. Kf3 Rxa2 34. h4 Rb2 35. Rd3 a5 36. Ke4 a4 37. bxa4 bxa4 38. Rd7 a3 39.
Ra7 a2 40. Ra6+ Bd6 41. Rxd6# 1-0

[Event "Early-Titled-Tuesday-Blitz-September-12-2023"]
[Site "Chess.com"]
[Date "2023.09.12"]
[Round "5"]
[White "BillieKimbah"]
[Black "Eagle_2019"]
[Result "1-0"]
[WhiteElo "3020"]
[BlackElo "2685"]
[TimeControl "180+1"]
[EndTime "8:55:22 PDT"]
[Termination "BillieKimbah won by resignation"]

1. d4 d5 2. Nf3 Nf6 3. Bg5 Ne4 4. Bh4 c6 5. e3 Nd7 6. Nbd2 Ndf6 7. c4 Nxd2 8. Nxd2 e6 9. Bd3 Be7 10. O-O O-O 11.
Qc2 h6 12. Rac1 dxc4 13. Nxc4 Nd5 14. Bxe7 Qxe7 15. a3 a5 16. Rfd1 a4 17. g3 Qc7 18.
e4 Ne7 19. Bf1 Rd8 20. Bg2 b6 21. e5 Bb7 22. Nd6 Rxd6 23. exd6 Qxd6 24. Be4 Nd5 25.
Qe2 Ba6 26. Qc2 Bb5 27. h4 Rc8 28. Rd2 Nf6 29. Bd3 Bxd3 30. Rxd3 b5 31. Qe2 Nd5 32. Rc5 Rd8 33. Qe5 Qd7 34. Qe4 Rc8 35. Rd1 Nb6 36.
Rd2 Nc4 37. Rc2 h5 38. Rxh5 g6 39. Rc5 Kg7 40. h5 f5 41. Qf4 Rh8 42. g4 gxh5 43. gxf5 e5 44. Qg5+ Kf7 45. Qg6+ Kf8 46. Qf6+ Kg8 47.
Rc3 Rh7 48. Rg3+ Rg7 49. Rxg7+ Qxg7+ 50. Qxg7+ Kxg7 51. dxe5 Nxb2 52. Rxc6 Nc4 53. Rc7+ Kf8 54. e6 Ne5 55. f6 Nf3+ 56. Kh1 1-0

[Event "Early-Titled-Tuesday-Blitz-September-12-2023"]
[Site "Chess.com"]
[Date "2023.09.12"]
[Round "5"]
[White "KononenkoD"]
[Black "Kacparov"]
[Result "0-1"]
[WhiteElo "2587"]
[BlackElo "2906"]
[TimeControl "180+1"]
[EndTime "8:55:22 PDT"]
[Termination "Kacparov won on time"]

1. d4 Nf6 2. c4 e6 3. g3 Bb4+ 4. Bd2 Be7 5. Bg2 O-O 6. e4 d6 7.
Nc3 e5 8. Nge2 a6 9. O-O c6 10. Qc2 b5 11. b3 Bb7 12. Rad1 Nbd7 13. h3 Rc8 14. dxe5 dxe5 15. Be3 Qc7 16. Qb2 Rfd8 17. Kh2 Nc5 18. Nc1 Ne6 19. Rxd8+ Rxd8 20. Rd1 h5 21. Rxd8+ Qxd8 22. Qd2 Qc7 23. Nd3 h4 24. gxh4 Nh5 25. Ne2 Bxh4 26. Ng3 Nhf4 27. Nf5 Bf6 28. Ne1 Nxg2 29. Kxg2 c5 30. f3 Nd4 31. Bxd4 cxd4 32.
Qb4 g6 33. Ng3 Be7 34. Qd2 bxc4 35. bxc4 Qxc4 36. Nd3 Qb5 37. a4 Qxa4 38. Nxe5 Qb4 39. Qf4 Qb2+ 40. Kg1 Qb3 41. Nf1 Qe6 42. Nd2 a5 43.
Nd3 Kg7 44. Qb8 Ba6 45. Nf4 Qd6 46. Qxd6 Bxd6 47. Nd5 a4 48. Kf2 a3 49. e5 Bxe5 50. Nb3 a2 51. f4 Bc4 52. Na1 Bd6 53. Ke1 Bxd5 0-1

[Event "Early-Titled-Tuesday-Blitz-September-12-2023"]
[Site "Chess.com"]
[Date "2023.09.12"]
[Round "5"]
[White "BlitzWizard04"]
[Black "KorolDimitriy75"]
[Result "1-0"]
[WhiteElo "2623"]
[BlackElo "2379"]
[TimeControl "180+1"]
[EndTime "8:55:22 PDT"]
[Termination "BlitzWizard04 won on time"]

1. e4 c5 2. Nf3 d6 3. d4 cxd4 4. Nxd4 Nf6 5. Bb5+ Bd7 6. c3 g6 7.
Bxd7+ Qxd7 8. Qe2 Nc6 9. O-O Bg7 10. Nc2 O-O 11. f3 a6 12. Be3 b5 13. a4 Qb7 14.
axb5 axb5 15. Nba3 Rfb8 16. Nd4 b4 17. Nab5 bxc3 18. bxc3 Rxa1 19. Rxa1 Nxd4 20. Nxd4 h6 21. Qc4 Rc8 22. Qd3 Qb2 23. Rc1 Nd7 24. Rc2 Qb1+ 25. Kf2 Ne5 26. Qe2 Nc4 27. Rc1 Qb6 28. Rd1 Nxe3 29.
Qxe3 Qb2+ 30. Ne2 Kh7 31. Rd2 Qb5 32. Rc2 Qc4 33. h4 h5 34. g3 Bf6 35. Ke1 Qb3 36.
Kd2 Qb1 37. Nc1 Qb5 38. Qd3 Qc5 39. Ne2 Qf2 40. Qe3 Qf1 41. Rc1 Qg2 42. Rg1 Qh3 43. Nf4 Qd7 44. Rc1 Qb5 45. Nd5 Qa5 46. Nxf6+ exf6 47. Qd4 1-0

[Event "Early-Titled-Tuesday-Blitz-September-12-2023"]
[Site "Chess.com"]
[Date "2023.09.12"]
[Round "5"]
[White "infinitegiantkiller"]
[Black "Evgeny81"]
[Result "0-1"]
[WhiteElo "2495"]
[BlackElo "2743"]
[TimeControl "180+1"]
[EndTime "8:55:23 PDT"]
[Termination "Evgeny81 won on time"]

1. Nf3 Nf6 2. g3 c5 3. Bg2 g6 4.
O-O Bg7 5. b3 O-O 6. Bb2 d5 7.
d3 Nc6 8. Nbd2 d4 9. a4 Nd5 10. Nc4 Bg4 11. h3 Be6 12. Ng5 Bc8 13. Ne4 b6 14. Kh2 h6 15. e3 f5 16. Ned2 e5 17. e4 Nde7 18. exf5 gxf5 19. f4 Rb8 20. fxe5 Be6 21.
Nf3 Ng6 22. Qd2 Kh7 23. Rae1 Rg8 24. Bc1 Qd7 25. Re2 Rbf8 26. Ref2 Nce7 27. Kh1 f4 28. g4 Nd5 29. Qe2 Ne3 30. Rg1 Qe7 31. Nfd2 Qh4 32. Nf3 Qd8 33. Nfd2 Bd5 34. Bxd5 Qxd5+ 35. Qf3 Qe6 36. Ne4 Bxe5 37. Re2 Nh4 38. Qf2 Ng6 39. Bxe3 fxe3 40. Qg2 Nf4 41. Qf3 Nxd3 42. Qxf8 Rxf8 43. cxd3 Bc7 44. Kg2 Qf7 0-1

[Event "Early-Titled-Tuesday-Blitz-September-12-2023"]
[Site "Chess.com"]
[Date "2023.09.12"]
[Round "5"]
[White "seramoral"]
[Black "Arash_Tahbaz"]
[Result "1-0"]
[WhiteElo "2606"]
[BlackElo "2819"]
[TimeControl "180+1"]
[EndTime "8:55:24 PDT"]
[Termination "seramoral won by resignation"]

1. c4 c5 2. Nc3 g6 3. g3 Nc6 4. Bg2 Bg7 5. a3 e6 6. Rb1 Nge7 7. b4 cxb4 8. axb4 O-O 9. Qb3 d5 10.
Nf3 a5 11. b5 a4 12. Qa3 Na5 13. cxd5 exd5 14. O-O Bf5 15. d3 Nb3 16. Bb2 Bg4 17. Nxa4 Bxf3 18. Bxg7 Kxg7 19. Qxb3 Bxg2 20. Kxg2 d4 21. Rfc1 Qd6 22. Nc5 b6 23. Ne4 Qe5 24.
Ra1 h6 25. Ra6 Nd5 26. Rc6 Rad8 27. Qb2 Rd7 28. Ra4 f5 29. Nd2 Nc3 30. Nf3 Qxe2 31. Qxe2 Nxe2 32. Rxb6 Re8 33. Raa6 g5 34. Rg6+ Kf7 35.
Rxh6 g4 36. Ng5+ Ke7 37. Rae6+ Kd8 38. Rxe8+ Kxe8 39. Re6+ Re7 40. Rxe7+ Kxe7 41. b6 Kd6 42. f3 Nc1 43. fxg4 Nxd3 44. gxf5 Ne5 45. Nf3 Nc6 46. h4 Kd5 47. h5 d3 48. h6 Nd4 49. h7 1-0

[Event "Early-Titled-Tuesday-Blitz-September-12-2023"]
[Site "Chess.com"]
[Date "2023.09.12"]
[Round "5"]
[White "jaskol95"]
[Black "ChessQueen"]
[Result "1-0"]
[WhiteElo "2551"]
[BlackElo "2723"]
[TimeControl "180+1"]
[EndTime "8:55:24 PDT"]
[Termination "jaskol95 won on time"]

1. e4 c6 2. d4 d5 3. e5 c5 4.
dxc5 e6 5. a3 Bxc5 6. b4 Be7 7.
Qg4 g6 8. h4 h5 9. Qg3 Nc6 10.
Bd3 Qc7 11. Nf3 Nh6 12. Bb2 Ng4 13. Nbd2 Bd7 14. Nb3 O-O-O 15. O-O-O Kb8 16. Kb1 Rc8 17. Rhf1 a5 18. b5 Na7 19. a4 Nxb5 20. axb5 a4 21. Nbd4 a3 22. Ba1 a2+ 23. Kxa2 Qa5+ 24. Kb1 Kc7 25. Nb3 Qa4 26. Nfd4 Ra8 27. Qf4 Qa2+ 28. Kc1 Bf8 29. Qxf7 Bh6+ 30. f4 Rae8 31. g3 Nxe5 32.
Qf6 Ng4 33. Qxg6 Ne3 34. Rfe1 Nxd1 35. Rxd1 Bf8 36. Kd2 Bb4+ 37. Ke2 e5 38. b6+ Kc8 39.
fxe5 Rxe5+ 40. Kf2 Rf8+ 41. Kg2 Ree8 42. Nb5 Bxb5 43.
Bxb5 Re7 44. Bf6 Ref7 45. Bd4 1-0

[Event "Early-Titled-Tuesday-Blitz-September-12-2023"]
[Site "Chess.com"]
[Date "2023.09.12"]
[Round "5"]
[White "Dixit_Nikhil"]
[Black "Quattroporte300"]
[Result "1/2-1/2"]
[WhiteElo "2570"]
[BlackElo "2409"]
[TimeControl "180+1"]
[EndTime "8:55:25 PDT"]
[Termination "Game drawn by repetition"]

1. e4 c5 2. Nf3 Nc6 3. Bd3 e5 4.
Bc4 d6 5. O-O Be7 6. c3 Nf6 7. d4 exd4 8. cxd4 Bg4 9. d5 Ne5 10.
Bb5+ Nfd7 11. Be2 Nxf3+ 12. Bxf3 Bxf3 13. Qxf3 O-O 14. Nc3 Ne5 15. Qh3 c4 16. f4 Nd3 17.
f5 Bf6 18. g4 Qb6+ 19. Be3 Qxb2 20. Na4 Qc2 21. Rab1 Qxa4 22. g5 Be5 23. g6 h6 24. Bxh6 fxg6 25. fxg6 Qe8 26. Rxf8+ Kxf8 27. Bxg7+ Bxg7 28. Rf1+ Ke7 29. Qh4+ Kd7 30. Rf7+ Kc8 31. Qg4+ Kb8 32. Rxg7 Ne5 33. Qe6 Qxe6 34. dxe6 a6 35. Rg8+ Kc7 36. Rxa8 c3 37. e7 c2 38. Rc8+ Kxc8 39.
e8=Q+ Kc7 40. Qe7+ Kc6 41. Qe8+ Kc7 42. Qe7+ Kc6 43.
Qe8+ Kc7 1/2-1/2

[Event "Early-Titled-Tuesday-Blitz-September-12-2023"]
[Site "Chess.com"]
[Date "2023.09.12"]
[Round "5"]
[White "AnaKuchava"]
[Black "Viacheslav92"]
[Result "1-0"]
[WhiteElo "2239"]
[BlackElo "2502"]
[TimeControl "180+1"]
[EndTime "8:55:25 PDT"]
[Termination "AnaKuchava won by resignation"]

1. d4 Nf6 2. Nf3 g6 3. c4 d6 4. Nc3 Bg7 5. e4 O-O 6. Be2 e5 7. O-O Nc6 8. Be3 Re8 9. d5 Nd4 10. h3 c5 11. dxc6 bxc6 12. Nxd4 exd4 13. Bxd4 Nxe4 14.
Bxg7 Kxg7 15. Qd4+ Qf6 16. Qxf6+ Kxf6 17. Nxe4+ Rxe4 18.
Rfe1 Be6 19. b3 a5 20. Bf3 Rxe1+ 21. Rxe1 Rc8 22. Kf1 Ke7 23. Ke2 Kd7 24. Kd2 Rb8 25. Kc3 h5 26. a3 Rb7 27. b4 axb4+ 28. axb4 Ra7 29. Kb3 Kc7 30. Rd1 Kb6 31. Rc1 c5 32. b5 Ra5 33. Bc6 h4 34. Rd1 Kc7 35. Re1 Ra7 36.
Re4 Ra1 37. Rxh4 Rb1+ 38. Kc2 Rf1 39. Rf4 Kb6 40. Bd5 Bxd5 41. cxd5 f5 42. g4 fxg4 43. hxg4 Kxb5 44. Rf6 c4 45. Rxd6 Rxf2+ 46. Kc3 Kc5 47. Rxg6 Rf3+ 48. Kc2 Kxd5 49. Rg5+ Kd4 50. Rf5 Rf2+ 51.
Rxf2 Ke3 52. Rg2 Kf3 53. g5 Kxg2 54. g6 1-0

[Event "Early-Titled-Tuesday-Blitz-September-12-2023"]
[Site "Chess.com"]
[Date "2023.09.12"]
[Round "5"]
[White "cottage_cheese"]
[Black "nss13"]
[Result "0-1"]
[WhiteElo "2317"]
[BlackElo "2550"]
[TimeControl "180+1"]
[EndTime "8:55:25 PDT"]
[Termination "nss13 won on time"]

1. e4 c5 2. Nf3 Nc6 3. Bb5 g6 4. Bxc6 dxc6 5. d3 Bg7 6. h3 Nf6 7. Nc3 Nd7 8. O-O e5 9. a4 a5 10. Nh2 Nf8 11. f4 exf4 12. Bxf4 Ne6 13. Bg3 Nd4 14. Bf4 O-O 15. Rf2 Be6 16. Kh1 Qd7 17. Nf3 b5 18. Ne5 Qe7 19. Ne2 Qh4 20. Bg3 Qg5 21. Bf4 Qh4 22. Bg3 Qh5 23. Nxd4 Bxe5 24. Qxh5 gxh5 25. Bxe5 cxd4 26. Rf3 h4 27. Bxd4 f5 28.
e5 Kf7 29. Rf4 Bd5 30. Bc5 Rg8 31. Rf2 Rg3 32. Rxf5+ Ke6 33. Rf2 Rxh3+ 34. Kg1 Rg3 35. Re1 h3 36. Rf6+ Kd7 37. Rd6+ Kc7 38. Re2 hxg2 39.
Rh6 Rag8 40. Rxh7+ Kc8 41. Rf2 R3g7 42. Rxg7 Rxg7 43. Rf8+ Kd7 44. Rf2 Rh7 0-1

[Event "Early-Titled-Tuesday-Blitz-September-12-2023"]
[Site "Chess.com"]
[Date "2023.09.12"]
[Round "5"]
[White "Zarinur"]
[Black "AlexandraSamaganova"]
[Result "1-0"]
[WhiteElo "2495"]
[BlackElo "2293"]
[TimeControl "180+1"]
[EndTime "8:55:25 PDT"]
[Termination "Zarinur won by resignation"]

1. e4 c5 2. Nf3 e6 3. g3 Nc6 4. Bg2 g6 5. O-O Bg7 6. Re1 d6 7. Nc3 Nge7 8. d3 O-O 9. Bf4 e5 10. Be3 f5 11. Qd2 Nd4 12. Bg5 Be6 13. exf5 gxf5 14.
Nxd4 cxd4 15. Nb5 Qd7 16. c4 Nc6 17. Bd5 Bf7 18. Bh6 Bxd5 19. cxd5 Ne7 20. Qg5 Ng6 21. a4 Bxh6 22. Qxh6 f4 23. Rac1 Rfc8 24. Qg5 a6 25. Na3 Rf8 26. h4 Rf5 27. Qg4 Raf8 28. h5 Kg7 29.
hxg6 hxg6 30. gxf4 Qf7 31. fxe5 Rxf2 32. e6 Qf6 33. e7 Re8 34. Rf1 Rxf1+ 35. Rxf1 Qxe7 36. Qxd4+ Kg8 37. Qf6 Qe3+ 38. Kg2 Qe2+ 39. Qf2 Qg4+ 40. Qg3 Re2+ 41. Rf2 Rxf2+ 42. Kxf2 Qf5+ 43. Qf3 Qxd3 44. Qxd3 1-0

[Event "Early-Titled-Tuesday-Blitz-September-12-2023"]
[Site "Chess.com"]
[Date "2023.09.12"]
[Round "5"]
[White "Aygehovit1992"]
[Black "Jospem"]
[Result "1/2-1/2"]
[WhiteElo "2731"]
[BlackElo "3097"]
[TimeControl "180+1"]
[EndTime "8:55:29 PDT"]
[Termination "Game drawn by repetition"]

1. e4 c5 2. Nc3 d6 3. f4 e6 4. Nf3 a6 5. d4 cxd4 6. Nxd4 Nf6 7. Be2 Be7 8. Be3 Nc6 9. Nxc6 bxc6 10. e5 Nd5 11. Nxd5 cxd5 12. c3 O-O 13. Qd2 a5 14. O-O Ba6 15. Bxa6 Rxa6 16. Rf3 dxe5 17. fxe5 f5 18.
exf6 Bxf6 19. Raf1 Re8 20. Rh3 Rc6 21. Qd3 g6 22.
Rg3 Bg7 23. Bg5 Qd6 24. Bf6 e5 25. Bxg7 Kxg7 26. h4 Rc4 27. h5 Qc5+ 28. Rf2 Rf4 29. Rf3 e4 30. h6+ Kg8 31. Qe2 Ref8 32. Rxf4 Rxf4 33.
g3 Rf5 34. Kg2 Qf8 35. Rxf5 Qxf5 36. Qf2 Kf7 37. Qxf5+ gxf5 38. b4 axb4 39. cxb4 Ke6 40. b5 Kd6 41. a4 Kc5 42. Kf2 d4 43. Ke2 d3+ 44. Ke3 Kb6 45. Kd2 Ka5 46. Kc3 Kb6 47. Kd2 Kc5 48. Kc3 Kd5 49. b6 Kc6 50.
a5 Kb7 51. Kd2 Ka6 52. Kc3 Kb7 53. Kd2 Kc6 54. Ke3 Kb7 55. Kd2 1/2-1/2

[Event "Early-Titled-Tuesday-Blitz-September-12-2023"]
[Site "Chess.com"]
[Date "2023.09.12"]
[Round "5"]
[White "wannabe2700"]
[Black "hansen"]
[Result "0-1"]
[WhiteElo "2622"]
[BlackElo "2880"]
[TimeControl "180+1"]
[EndTime "8:55:30 PDT"]
[Termination "hansen won on time"]

1. b3 e5 2. Bb2 Nc6 3. e3 Nf6 4. Bb5 e4 5. d3 a6 6. Bxc6 dxc6 7. Nc3 Bf5 8. f3 exd3 9. e4 Bg6 10. Qxd3 Qxd3 11. cxd3 O-O-O 12. O-O-O c5 13. h4 h6 14. g4 Bd6 15. Nce2 Rhg8 16. e5 Nd5 17. exd6 Rxd6 18. h5 Bh7 19. a3 Ne3 20. Rd2 Nf1 21. Rd1 Ne3 22. Re1 Rxd3 23. Nc3 f6 24. Rh2 b5 25.
Rhe2 Nd5 26. Nxd5 Rxd5 27. Re7 c4 28. bxc4 Rc5 29. Ne2 Rxc4+ 30. Nc3 a5 31. Kd2 b4 32.
axb4 axb4 33. Na4 Rd8+ 34. Ke3 Rd3+ 35. Kf2 Rc2+ 36. R1e2 Rd7 37. Rxd7 Kxd7 38. Rxc2 Bxc2 39. Nc5+ Kc6 40. Ne6 Kd6 41. Nxg7 Ke7 42. Nf5+ Bxf5 43. gxf5 c5 44. Bc1 Kd6 45. Bxh6 Ke5 46. Bf8 b3 47.
f4+ Kxf5 48. Bxc5 b2 0-1

[Event "Early-Titled-Tuesday-Blitz-September-12-2023"]
[Site "Chess.com"]
[Date "2023.09.12"]
[Round "5"]
[White "Daniel_Salinas"]
[Black "attack2mateU"]
[Result "0-1"]
[WhiteElo "2376"]
[BlackElo "2738"]
[TimeControl "180+1"]
[EndTime "8:55:30 PDT"]
[Termination "attack2mateU won by resignation"]

1. Nf3 c5 2. g3 Nc6 3. d4 cxd4 4. Nxd4 g6 5. Bg2 Bg7 6. Nxc6 bxc6 7. c4 Rb8 8. Nc3 Qa5 9. O-O Ba6 10. Bd2 Rxb2 11.
Ne4 Rxd2 12. Nxd2 Bxa1 13. Qxa1 Nf6 14. Ne4 O-O 15. Nxf6+ exf6 16. Rd1 Qf5 17. Qd4 c5 18. Qxd7 Qxd7 19. Rxd7 Bxc4 20. Rxa7 Bxe2 21. Bd5 Rd8 22. Bxf7+ Kh8 23. f4 Rd2 24. Kf2 Bg4+ 25. Ke3 Rxh2 26. a4 Rg2 27. a5 Rxg3+ 28. Kf2 Rf3+ 29. Kg2 Ra3 30. a6 h5 31. Bc4 h4 32. Rc7 Rc3 33. a7 Bf3+ 34. Kf2 h3 35. Be2 h2 36. Bxf3 Rxf3+ 37. Kxf3 h1=Q+ 38. Kg3 Qg1+ 39. Kh4 Qh1+ 40. Kg3 Qa8 41. Kf2 Kg8 42. Ke3 g5 43. fxg5 fxg5 44. Kf2 c4 45. Kg3 c3 46. Kg4 c2 47. Kxg5 c1=Q+ 48. Rxc1 Qxa7 49. Rg1 Qxg1+ 0-1

[Event "Early-Titled-Tuesday-Blitz-September-12-2023"]
[Site "Chess.com"]
[Date "2023.09.12"]
[Round "5"]
[White "KNVB"]
[Black "CristianS27"]
[Result "1-0"]
[WhiteElo "2753"]
[BlackElo "2510"]
[TimeControl "180+1"]
[EndTime "8:55:30 PDT"]
[Termination "KNVB won on time"]

1. c4 Nf6 2. g3 g6 3. Bg2 Bg7 4. Nf3 O-O 5. O-O d6 6. Nc3 Nc6 7. b3 e5 8. Bb2 h6 9. d4 e4 10. Ne1 Re8 11. d5 Na5 12. Nc2 a6 13. Ne3 c5 14. dxc6 bxc6 15. Qd2 Nb7 16. Rfd1 h5 17. Qc2 Qe7 18. Na4 Rb8 19. Rd2 h4 20. Rad1 hxg3 21.
hxg3 Ng4 22. Nxg4 Bxg4 23. Bxg7 Kxg7 24. Qc3+ f6 25. Qe3 Bf5 26. Nc3 Qe5 27. f3 exf3 28. Qxe5 dxe5 29. exf3 Rbd8 30. Kf2 Kf7 31. Ke3 Ke7 32.
f4 exf4+ 33. gxf4 Rxd2 34. Rxd2 Na5 35. Na4 Kf7+ 36. Kd4 Rd8+ 37. Kc3 Re8 38. Kb4 Nb7 39. Bxc6 Nd8 40. Bxe8+ Kxe8 41. Nc5 Nc6+ 42. Kc3 a5 43.
Nb7 Ne7 44. Nd6+ Kf8 45. Nxf5 Nxf5 46. Rd5 Ng3 47. Kd3 Ne2 48. Kxe2 a4 49. bxa4 1-0

[Event "Early-Titled-Tuesday-Blitz-September-12-2023"]
[Site "Chess.com"]
[Date "2023.09.12"]
[Round "5"]
[White "Parhamov"]
[Black "MITerryble"]
[Result "1/2-1/2"]
[WhiteElo "3109"]
[BlackElo "2941"]
[TimeControl "180+1"]
[EndTime "8:55:32 PDT"]
[Termination "Game drawn by repetition"]

1. d4 e6 2. c4 Bb4+ 3. Nd2 Nf6 4.
g3 O-O 5. Bg2 d6 6. e4 e5 7. Ne2 Re8 8. d5 a5 9. O-O Nbd7 10. h3 c6 11. a3 Bxd2 12. Bxd2 Nc5 13. Nc3 cxd5 14. cxd5 Bd7 15. Be3 a4 16. f4 exf4 17.
Bxc5 f3 18. Bd4 fxg2 19. Rxf6 gxf6 20. Qf3 Re5 21. Kxg2 Qe7 22. Rf1 Kg7 23. g4 Rc8 24. Ne2 Rc4 25. Bxe5 Qxe5 26. Ng3 Kg6 27. Nh5 Rc2+ 28.
Rf2 Rxf2+ 29. Kxf2 Qxb2+ 30. Kg3 Qe5+ 31. Nf4+ Kg7 32.
Kg2 b5 33. Nh5+ Kg6 34. Nf4+ Kg7 35. Nh5+ Kg6 36. Qe3 Qb2+ 37. Kf3 Qb3 38. Nf4+ Kg5 39. Nd3+ Kg6 40. Kg3 Kg7 41. g5 f5 42. e5 dxe5 43.
Qxe5+ Kg8 44. Qb8+ Kg7 45. Qe5+ Kg8 46. Qb8+ Kg7 47.
Qe5+ 1/2-1/2

[Event "Early-Titled-Tuesday-Blitz-September-12-2023"]
[Site "Chess.com"]
[Date "2023.09.12"]
[Round "5"]
[White "artin10862"]
[Black "DopplerCharlotteDeWitte"]
[Result "1-0"]
[WhiteElo "2942"]
[BlackElo "2675"]
[TimeControl "180+1"]
[EndTime "8:55:32 PDT"]
[Termination "artin10862 won on time"]

1. Nf3 d5 2. g3 Nc6 3. d4 Bf5 4.
a3 e6 5. Bg2 Nf6 6. c4 Be7 7.
Nc3 O-O 8. Ne5 Nxe5 9. dxe5 Nd7 10. cxd5 Nxe5 11. dxe6 Qxd1+ 12. Nxd1 Bxe6 13. Bxb7 Rab8 14. Bg2 Nc4 15. b4 Bf6 16. Rb1 Rfd8 17. O-O Nd2 18. Bxd2 Rxd2 19. Ne3 Rxe2 20. Rfc1 Ra2 21. Bd5 Rxa3 22.
Bxe6 fxe6 23. Rxc7 Bd4 24. Nc2 Rc3 25. Rxc3 Bxc3 26.
Rb3 Bf6 27. Re3 Rc8 28. Na3 Rc1+ 29. Kg2 Ra1 30. Nb5 Kf7 31. Nd6+ Ke7 32. Ne4 Bd4 33. Re2 Rb1 34. Ng5 e5 35. Nxh7 Rxb4 36. Rc2 Rb2 37. Rxb2 Bxb2 38. Kf3 a5 39. Ke4 a4 40. Kd3 Bd4 41.
Kc2 Bxf2 42. Ng5 1-0

[Event "Early-Titled-Tuesday-Blitz-September-12-2023"]
[Site "Chess.com"]
[Date "2023.09.12"]
[Round "5"]
[White "h4parah5"]
[Black "Rutricks"]
[Result "1-0"]
[WhiteElo "2942"]
[BlackElo "2674"]
[TimeControl "180+1"]
[EndTime "8:55:33 PDT"]
[Termination "h4parah5 won by resignation"]

1. Nf3 g6 2. e4 Bg7 3. d4 c6 4. Nc3 d5 5. h3 dxe4 6. Nxe4 Nf6 7. Nxf6+ exf6 8. Bd3 O-O 9. O-O a5 10. Re1 Na6 11. Bf4 Nb4 12. Bf1 Nd5 13. Bd2 Be6 14. c4 Ne7 15. a4 Nf5 16. Bc3 Re8 17. Qc2 Qd7 18. Rad1 Nd6 19. b3 Bf5 20. Bd3 Bxd3 21. Qxd3 Nf5 22. Rxe8+ Qxe8 23. d5 cxd5 24. Qxd5 Ne3 25.
fxe3 Qxe3+ 26. Kh1 Qxc3 27. Qxb7 Re8 28. Qb5 Rc8 29.
Qb7 Re8 30. Qb5 Rc8 31. Rd7 Qc1+ 32. Kh2 Qf4+ 33. Kg1 Qc1+ 34. Kf2 Bh6 35. Qd5 Qe3+ 36. Kf1 Qc1+ 37. Qd1 Qe3 38. Rd3 Qf4 39. Rd8+ Rxd8 40. Qxd8+ Kg7 41. Qxa5 Qc1+ 42. Qe1 Qb2 43. b4 Qb3 44. c5 Qxa4 45. Qc3 Qd1+ 46. Kf2 Bf4 47. b5 Qb1 48. b6 Qa2+ 49. Kf1 Qb1+ 50. Ke2 Qa2+ 51.
Kd3 Qa6+ 52. Ke4 Qa4+ 53. Qd4 Qxd4+ 54. Nxd4 Bb8 55. c6 f5+ 56. Kd5 1-0

[Event "Early-Titled-Tuesday-Blitz-September-12-2023"]
[Site "Chess.com"]
[Date "2023.09.12"]
[Round "5"]
[White "Jaka_Brilej"]
[Black "bescmelasti"]
[Result "0-1"]
[WhiteElo "2440"]
[BlackElo "2620"]
[TimeControl "180+1"]
[EndTime "8:55:33 PDT"]
[Termination "bescmelasti won by resignation"]

1. d4 d5 2. Nf3 Nf6 3. e3 e6 4. Bd3 c5 5. b3 b6 6. Bb2 Bb7 7. O-O Nbd7 8. Nbd2 Bd6 9. Ne5 O-O 10. f4 Ne4 11. Nxe4 dxe4 12. Bb5 Nf6 13. a4 a6 14. Bc4 Nd5 15. Qe2 f6 16. Ng4 Qc7 17. dxc5 Bxc5 18. Rfd1 Rfd8 19. Bxd5 Rxd5 20. Rxd5 Bxd5 21. c4 Bc6 22. Rd1 Rd8 23. Rd2 Bb4 24. Rd4 Bc5 25.
Rd2 Rd6 26. Nf2 Qd7 27. Rxd6 Qxd6 28. Kf1 Qd7 29. Qd1 Bxe3 30. Qxd7 Bxd7 31. Nxe4 Bxf4 32. Bd4 b5 33. axb5 axb5 34. c5 Bc6 35. Nd6 Bxd6 36.
cxd6 e5 37. Bc5 Kf7 38. b4 Ke6 39. Kf2 Kd5 40. g3 g5 41. Ke3 f5 42. h4 f4+ 43.
gxf4 gxf4+ 44. Kf3 h5 45. Kf2 e4 46. Ke2 e3 47. Kf1 Ke4 48. Ke2 f3+ 49. Ke1 Bd7 50. Bb6 f2+ 51. Ke2 Bg4+ 0-1

[Event "Early-Titled-Tuesday-Blitz-September-12-2023"]
[Site "Chess.com"]
[Date "2023.09.12"]
[Round "5"]
[White "NowInChess"]
[Black "allejam"]
[Result "0-1"]
[WhiteElo "2249"]
[BlackElo "2438"]
[TimeControl "180+1"]
[EndTime "8:55:33 PDT"]
[Termination "allejam won on time"]

1. e4 e5 2. Nf3 Nc6 3. Bb5 Nf6 4. d3 Bc5 5. Nc3 h6 6. O-O d6 7.
h3 O-O 8. Be3 Bb6 9. a4 Ne7 10.
d4 c6 11. dxe5 dxe5 12. Bc4 Ng6 13. Qe2 Qe7 14. a5 Bc5 15. Nd2 Bb4 16. f3 Be6 17. Qf2 Rad8 18. Bxe6 fxe6 19. Bxa7 Nf4 20. Nb3 N6h5 21.
Bc5 Qg5 22. Kh2 Bxc5 23. Nxc5 Ng6 24. Nxe6 Qf6 25. Nxd8 Rxd8 26. Rad1 Rf8 27. g3 Qg5 28. Rd3 Nf6 29. Rfd1 Qh5 30. Rd8 Rxd8 31. Rxd8+ Kh7 32. Rd3 Qg5 33. Ne2 Nh5 34. h4 Qf6 35. g4 Nhf4 36.
Nxf4 Nxf4 37. Rd7 Ne6 38. Qd2 Qxh4+ 39. Kg2 Nf4+ 40. Kf1 Qh1+ 41. Kf2 Qg2+ 42. Ke3 Qg1+ 43. Qf2 Qc1+ 44. Qd2 Qf1 45. Qf2 Ng2+ 46. Qxg2 Qxg2 47. Rd2 Qg1+ 48. Kd3 Qc5 49. c3 Qxa5 50. b4 Qb5+ 51. Ke3 c5 52. Rd4 cxd4+ 0-1